 Dungeon Crawl Stone Soup version 0.18.1-5-g4a78601 (webtiles) character file.

533 shmeve the Chopper (level 7, -2/61 HPs)
             Began as a Hill Orc Fighter on May 11, 2016.
             Was an Initiate of Beogh.
             Killed by nerve-wracking pain
             ... invoked by an orc priest
              (3 damage)
             ... on level 4 of the Dungeon.
             The game lasted 00:05:46 (1903 turns).

shmeve the Chopper (Hill Orc Fighter)               Turns: 1903, Time: 00:05:48

Health: -2/61      AC: 13    Str: 21    XL:     7   Next: 24%
Magic:  7/7        EV:  4    Int:  8    God:    Beogh [......]
Gold:   112        SH: 10    Dex: 10    Spells: 0 memorised, 6 levels left

rFire  . . .     SeeInvis .     a - +0 war axe
rCold  . . .     Gourm    .     t - +0 plate armour
rNeg   . . .     Faith    .     c - +0 shield
rPois  .         Spirit   .     (no helmet)
rElec  .         Dismiss  .     b - +0 cloak
rCorr  .         Reflect  .     (no gloves)
SustAt .         Harm     .     (no boots)
MR     .....                    (no amulet)
Stlth  ..........               (no ring)
                                i - ring of stealth

@: not resistant to hostile enchantments, extremely unstealthy
A: no striking features
a: Renounce Religion


You were on level 4 of the Dungeon.
You worshipped Beogh.
Beogh was noncommittal.
You were hungry.

You visited 1 branch of the dungeon, and saw 4 of its levels.

You collected 112 gold pieces.

Inventory:

Hand Weapons
 a - a +0 war axe (weapon)
Armour
 b - a +0 cloak (worn)
 c - a +0 shield (worn)
 t - a +0 plate armour (worn)
Jewellery
 i - a ring of stealth (left hand)
Scrolls
 g - 3 scrolls of remove curse {unknown}
 j - 2 scrolls of teleportation {unknown}
 m - 4 scrolls of immolation {unknown}
 n - a scroll of noise {unknown}
 p - 3 scrolls of amnesia {unknown}
 q - 2 scrolls of magic mapping {unknown}
 v - 2 scrolls of identify {unknown}
 x - a scroll of enchant weapon {unknown}
 y - a scroll of blinking {unknown}
Potions
 d - a potion of might
 e - 4 potions of flight {unknown}
 h - 3 potions of brilliance {unknown}
 k - a potion of curing {unknown}
 l - 2 potions of lignification {unknown}
 o - 3 potions of haste {unknown}
 s - a potion of magic {unknown}
 w - a potion of ambrosia {unknown}
Comestibles
 f - 2 bread rations
 r - 2 meat rations
 u - a royal jelly


   Skills:
 * Level 5.6 Fighting
 * Level 5.9 Axes
 + Level 4.3 Armour
 + Level 1.8 Dodging
 * Level 5.0 Shields


You had 6 spell levels left.
You didn't know any spells.

Dungeon Overview and Level Annotations

Branches:
Dungeon (4/15)
 Temple: D:4-7

Altars:
Cheibriados
Elyvilon
Gozag
The Shining One

Shops:
D:4 (

Annotations:
D:4 Menkaure


Message History

The ogre is heavily wounded.
You block the ogre's attack. The orc hits you but does no damage.
Menkaure hits you.
* * * LOW HITPOINT WARNING * * *
The crimson imp blinks!
Unknown command.
Your shield and plate armour prevent you from hitting the orc.
The orc is lightly wounded.
You hit the ogre but do no damage.
The ogre is heavily wounded.
Your plate armour prevents you from hitting Menkaure.
Menkaure is severely damaged.
The orc hits you but does no damage. The ogre hits you with a giant club!
* * * LOW HITPOINT WARNING * * *
Menkaure mumbles some strange words.
Menkaure seems to speed up.
The orc priest mumbles some strange prayers to Beogh against you.
Pain shoots through your body!
You die...
Beogh appreciates the orc priest's killing of a heretic priest.

.... ##. .....
#.. .5... ##.#
.o=...
#..###....=.
#...∩.o....o
#.(.§.......
###.oO........
#...@ol.......
.......M#####.<..
......... ...
.......... ..
?.........# l
..........#
.........%#
..........#


You could see an ogre, Menkaure, an orc priest, a crimson imp, an orc, a giant
gecko, a neutral orc wizard (wandering) and a neutral orc (wandering).

Vanquished Creatures
  Grinder (D:3)
  The ghost of Crast the Twirler, an amateur GrGl (D:3)
  A giant frog (D:3)
  Jessica (D:3)
  Ijyb (D:3)
  5 adders
  An ooze (D:1)
  2 worms (D:2)
  2 dart slugs
  3 giant geckos
  A ball python (D:2)
  10 bats
  2 giant cockroaches
  A goblin (D:2)
  5 hobgoblins
  5 jackals
  7 kobolds
  2 quokkas
  4 giant newts
  6 rats
61 creatures vanquished.

Notes
Turn   | Place    | Note
--------------------------------------------------------------
     0 | D:1      | shmeve the Hill Orc Fighter began the quest for the Orb.
     0 | D:1      | Reached XP level 1. HP: 19/19 MP: 1/1
    18 | D:1      | Reached XP level 2. HP: 23/27 MP: 2/2
   218 | D:1      | Reached XP level 3. HP: 33/33 MP: 3/3
   507 | D:2      | Found a white marble altar of Elyvilon.
   556 | D:2      | Reached XP level 4. HP: 39/40 MP: 4/4
   647 | D:2      | Reached skill level 1 in Dodging
   788 | D:2      | Found a snail-covered altar of Cheibriados.
   788 | D:2      | Found a glowing golden altar of the Shining One.
   793 | D:2      | Found an opulent altar of Gozag.
   844 | D:3      | Noticed Ijyb
   861 | D:3      | Killed Ijyb
   898 | D:3      | Reached XP level 5. HP: 41/47 MP: 5/5
  1103 | D:3      | Noticed Grinder
  1255 | D:3      | Noticed Jessica
  1286 | D:3      | Killed Jessica
  1339 | D:3      | Reached skill level 5 in Axes
  1378 | D:3      | Noticed Crast's ghost (amateur GrGl)
  1385 | D:3      | Reached XP level 6. HP: 42/55 MP: 6/6
  1388 | D:3      | Killed Crast's ghost
  1388 | D:3      | Reached skill level 5 in Fighting
  1393 | D:3      | Killed Grinder
  1393 | D:3      | Reached skill level 5 in Shields
  1393 | D:3      | Reached XP level 7. HP: 16/61 MP: 7/7
  1891 | D:4      | Found Feol's Antique Weapon Shoppe.
  1891 | D:4      | Noticed Menkaure
  1892 | D:4      | Became a worshipper of Beogh the Brigand
  1903 | D:4      | HP: 1/61 [ogre/giant club (15)]
  1903 | D:4      | Killed from afar by an orc priest

Skill      XL: |  1  2  3  4  5  6 |
---------------+-------------------+-----
Axes           | 3 4 5 |  5.9
Fighting       | 4 5 |  5.6
Dodging        | 1 |  1.8
Shields        | 4 5 |  5.0
Armour         | 4 |  4.3

Action                   |  1- 3 |  4- 6 |  7- 9 || total
-------------------------+-------+-------+-------++-------
Melee: War axe           |   115 |   115 |     7 ||   237
Invok: Convert to Beogh  |       |       |     1 ||     1
  Use: Potion            |       |     1 |       ||     1
  Eat: Chunk             |       |     2 |     1 ||     3
Armor: Scale mail        |    64 |    29 |       ||    93
       Plate armour      |       |    42 |     5 ||    47
Dodge: Dodged            |    49 |    31 |     1 ||    81
Block: Shield            |    97 |    81 |     1 ||   179
